 Dungeon Crawl Stone Soup version 0.21.1-1-g345015f (webtiles) character file.

2585 Monsterracer the Destroyer (level 9, -2/65 HPs)
             Began as a Human Wizard on Feb 9, 2018.
             Was a Priest of Ru.
             Hit by a stone thrown by an orc warrior (14 damage)
             ... on level 6 of the Dungeon.
             The game lasted 00:16:17 (8674 turns).

Monsterracer the Destroyer (Human Wizard)           Turns: 8674, Time: 00:16:17

Health: -2/65      AC:  5    Str: 12    XL:     9   Next: 88%
Magic:  11/17      EV: 12    Int: 18    God:    Ru [***...]
Gold:   468        SH:  0    Dex: 11    Spells: 10/19 levels left

rFire    + . .     SeeInvis .   a - +0 spear (freeze)
rCold    + . .     Gourm    .   (no shield)
rNeg     . . .     Faith    .   x - +2 robe {rC+}
rPois    .         Spirit   .   d - +1 hat
rElec    .         Reflect  .   (no cloak)
rCorr    .         Harm     .   (no gloves)
MR       .....                  (no boots)
Stlth    ++........             y - amulet of rage
HPRegen  0.20/turn              s - ring of protection from fire {!d}
MPRegen  0.15/turn              (no ring)

@: drained
A: inability to use devices, hated by all
a: Draw Out Power, Renounce Religion


You were on level 6 of the Dungeon.
You worshipped Ru.
Ru was most pleased with you.
You were not hungry.

You visited 1 branch of the dungeon, and saw 6 of its levels.
You also visited: Sewer.

You collected 468 gold pieces.

Inventory:

Hand Weapons
 a - a +0 spear of freezing (weapon)
 b - a +0 trident
Armour
 d - a +1 hat (worn)
 n - a +0 troll leather armour {Purgy}
 x - a +2 robe of cold resistance (worn)
Jewellery
 s - a ring of protection from fire (left hand) {!d}
 y - an amulet of rage (around neck)
Scrolls
 e - a scroll of amnesia
 m - 2 scrolls of enchant armour
 o - 2 scrolls of fear {!r}
 q - 2 scrolls of remove curse
 r - a scroll of fog
 t - 5 scrolls of blinking
Potions
 f - a potion of heal wounds {unknown}
 g - 3 potions of agility
 i - 2 potions of lignification
 j - a potion of haste {unknown}
 k - 4 potions of curing
 l - a potion of invisibility {unknown}
 p - a potion of brilliance {unknown}
 u - 2 potions of resistance
 v - 3 potions of flight
 z - 4 potions of might
Comestibles
 c - 6 rations


   Skills:
 + Level 4.0(3.2) Fighting
 * Level 4.2(3.5) Polearms
 + Level 2.6(1.9) Dodging
 - Level 2.0(1.3) Stealth
 + Level 5.7(5.0) Spellcasting
 * Level 9.6(8.7) Conjurations
   Level 1.0(0.3) Summonings
 - Level 1.0(0.3) Translocations


You had 10 spell levels left.
You knew the following spells:

 Your Spells              Type           Power        Failure   Level  Hunger
a - Magic Dart            Conj           ####         1%          1    None
b - Conjure Flame         Conj/Fire      ###.....     6%          3    ##.....
c - Mephitic Cloud        Conj/Pois/Air  ###.....     12%         3    ##.....
e - Blink                 Tloc           N/A          17%         2    #......


Dungeon Overview and Level Annotations

Branches:
Dungeon (6/15)             Temple (0/1) D:4

Altars:
Dithmenos
Elyvilon
Fedhas
Gozag
Ru
Sif Muna


Innate Abilities, Weirdness & Mutations

You cannot study or use magical devices.
You are hated by all.


Message History

* * * LOW HITPOINT WARNING * * *
You take 2 damage, and have 22/65 hp.
The hound bites you.
* * * LOW HITPOINT WARNING * * *
You take 2 damage, and have 21/65 hp.
The hound misses you.
The orc is no longer blind.
The hound bites you but does no damage.
The hound is stunned by your will and fails to attack.
The hound is stunned by your will and fails to attack.
You feel less exhausted. The hound bites you.
* * * LOW HITPOINT WARNING * * *
You focus your will and illuminate the hound in retribution!
You take 4 damage, and have 18/65 hp.
The hound bites you but does no damage.
The hound stops glowing.
Casting: Mephitic Cloud
Confirm with . or Enter, or press ? or * to list all spells.
Aiming: Magic Dart
Press: ? - help, Shift-Dir - straight line, f/p - orc
Aim: an orc, wielding a hand axe, wearing a chain mail and carrying a wand of flame (15) (heavily wounded)
The magic dart hits the hound.
The hound is moderately wounded.
The hound closely misses you. The hound misses you.
You now have 15/17 mp.
Casting: Magic Dart
Confirm with . or Enter, or press ? or * to list all spells.
Aiming: Magic Dart
Press: ? - help, Shift-Dir - straight line, f/p - orc
Aim: an orc, wielding a hand axe, wearing a chain mail and carrying a wand of flame (15) (heavily wounded)
The magic dart hits the hound.
The hound is almost dead.
The hound bites you but does no damage.
You now have 14/17 mp.
Casting: Magic Dart
Confirm with . or Enter, or press ? or * to list all spells.
Aiming: Magic Dart
Press: ? - help, Shift-Dir - straight line, f/p - orc
Aim: an orc, wielding a hand axe, wearing a chain mail and carrying a wand of flame (15) (heavily wounded)
The magic dart hits the hound.
The hound is almost dead.
The hound completely misses you. The hound misses you.
You now have 13/17 mp.
Casting: Magic Dart
Confirm with . or Enter, or press ? or * to list all spells.
Aiming: Magic Dart
Press: ? - help, Shift-Dir - straight line, f/p - orc
Aim: an orc, wielding a hand axe, wearing a chain mail and carrying a wand of flame (15) (heavily wounded)
The magic dart hits the hound.
You kill the hound!
Your base Fighting skill increases to level 4!
Casting: Magic Dart
Confirm with . or Enter, or press ? or * to list all spells.
Aiming: Magic Dart
Press: ? - help, Shift-Dir - straight line, f/p - orc
Aim: an orc, wielding a hand axe, wearing a chain mail and carrying a wand of flame (15) (heavily wounded)
The magic dart hits the worker ant zombie.
The worker ant zombie barely misses you.
You now have 12/17 mp.
Casting: Magic Dart
Confirm with . or Enter, or press ? or * to list all spells.
Aiming: Magic Dart
Press: ? - help, Shift-Dir - straight line, f/p - orc
Aim: an orc, wielding a hand axe, wearing a chain mail and carrying a wand of flame (15) (heavily wounded)
The magic dart hits the worker ant zombie.
The worker ant zombie bites you but does no damage.
You now have 11/17 mp.
Casting: Magic Dart
Confirm with . or Enter, or press ? or * to list all spells.
Aiming: Magic Dart
Press: ? - help, Shift-Dir - straight line, f/p - orc
Aim: an orc, wielding a hand axe, wearing a chain mail and carrying a wand of flame (15) (heavily wounded)
The magic dart hits the worker ant zombie.
The worker ant zombie is moderately damaged.
The worker ant zombie bites you.
* * * LOW HITPOINT WARNING * * *
Casting: Magic Dart
Confirm with . or Enter, or press ? or * to list all spells.
Aiming: Magic Dart
Press: ? - help, Shift-Dir - straight line, f/p - orc
Aim: an orc, wielding a hand axe, wearing a chain mail and carrying a wand of flame (15) (heavily wounded)
The magic dart hits the worker ant zombie.
The worker ant zombie is moderately damaged.
The orc warrior barely misses you.
The worker ant zombie closely misses you.
You take 3 damage, and have 17/65 hp.
You now have 9/17 mp.
Unknown command.
Press: ? - help, v - describe, . - travel, g - get item
Here: a worker ant zombie (moderately damaged)
A hound corpse.
The floor, spattered with blood.
The orc warrior throws a stone.
The stone barely misses you.
The orc warrior throws a stone.
The stone hits you!
* * * LOW HITPOINT WARNING * * *
You focus your will and blind the orc warrior in retribution!
Things that are here:
a stone; an enchanted halberd; a robe You take 8 damage, and have 11/65 hp.
The orc warrior throws a stone.
The stone hits you!
You die...

#.##.##########...#######........
.................................
#.##.#.##.#####...#######..÷.....
#.##.#.##.# #...# #####.###
#.##.#.##.# #...# #.###
#.##.#.##.# ###### #.##.
..##.#.##.# #...# #.##.
...#.#.##.# #.#.############.##.
...#.#.##.# #.#@.............##.
..#.##.# #.#..........######.
#.####.#Z)........###..'.
#......#.(........#......
##############..........#......
........)........o..........≈≈≈
...........##....o)........≈≈≈≈
...........##..............≈≈.≈
...........##...........#..≈≈≈≈


You could see an orc warrior (blind), an orc and a worker ant zombie.

Vanquished Creatures
  The ghost of HedoNNN the Chopper, a novice HOFi of Beogh (D:5)
  Sigmund (D:3)
  A hungry ghost (D:4)
  A water moccasin (D:6)
  Purgy (Sewer)
  A phantom (D:5)
  2 ogres
  5 big kobolds (D:3)
  A bullfrog (D:6)
  The ghost of shakethe the Ruffian, a weakling TrMo (D:3)
  3 wights (D:6)
  A crimson imp (D:3)
  4 hounds
  A jelly (D:5)
  A bullfrog skeleton (D:5)
  3 orc priests
  A centaur skeleton (D:4)
  4 orc wizards
  2 iguanas
  A hound skeleton (D:5)
  A howler monkey skeleton (D:4)
  8 adders
  A gnoll (D:3)
  A river rat (D:6)
  2 oozes
  A worm zombie (D:4)
  2 adder skeletons
  A worm (D:3)
  5 leopard geckos
  14 orcs
  6 giant cockroaches
  5 goblins
  9 hobgoblins
  3 jackals (D:5)
  5 quokkas
  9 bats
  4 frilled lizards
  A jackal zombie (D:4)
  45 kobolds
  A leopard gecko zombie (D:5)
  A quokka zombie (D:5)
  4 rats
  A rat zombie (D:4)
166 creatures vanquished.

Vanquished Creatures (others)
  A centaur (D:6)
1 creature vanquished.

Grand Total: 167 creatures vanquished

Notes
Turn   | Place    | Note
-------+----------+-------------------------------------------
     0 | D:1      | Monsterracer the Human Wizard began the quest for the Orb.
     0 | D:1      | Reached XP level 1. HP: 13/13 MP: 4/4
   729 | D:1      | Reached XP level 2. HP: 19/19 MP: 1/6
   962 | D:2      | Reached skill level 2 in Conjurations
   970 | D:2      | HP: 7/19 [adder (4)]
   975 | D:1      | HP: 6/19 [poisoned by an adder]
   983 | D:1      | HP: 4/19 [poisoned by an adder]
  1033 | D:1      | Learned a level 2 spell: Blink
  1244 | D:2      | Found a sacrificial altar of Ru.
  1256 | D:2      | Became a worshipper of Ru the Awakened
  1304 | D:2      | Reached XP level 3. HP: 24/24 MP: 4/7
  1526 | D:2      | Reached skill level 3 in Conjurations
  1646 | D:2      | Found a white marble altar of Elyvilon.
  1794 | D:2      | Learned a level 3 spell: Conjure Flame
  2244 | D:2      | Found a blossoming altar of Fedhas.
  2358 | D:3      | Reached XP level 4. HP: 30/30 MP: 5/8
  2407 | D:3      | Learned a level 3 spell: Mephitic Cloud
  2539 | D:3      | Noticed Sigmund
  2567 | D:3      | Fell from the grace of Ru
  2623 | D:2      | Became a worshipper of Ru the Awakened
  2667 | D:3      | Killed Sigmund
  2667 | D:3      | Reached skill level 5 in Conjurations
  2667 | D:3      | Reached XP level 5. HP: 30/35 MP: 5/9
  2667 | D:3      | Reached XP level 6. HP: 36/41 MP: 5/10
  2751 | D:3      | Noticed shakethe's ghost (weakling TrMo)
  2937 | D:3      | Killed shakethe's ghost
  3062 | D:3      | Reached skill level 6 in Conjurations
  3794 | D:3      | Reached XP level 7. HP: 26/46 MP: 6/12
  3806 | D:3      | HP: 22/46 [kobold/club (4)]
  3820 | D:3      | HP: 22/46 [big kobold/club (2)]
  4057 | D:3      | Reached skill level 7 in Conjurations
  4070 | D:3      | Learned a level 4 spell: Summon Lightning Spire
  4339 | D:3      | HP: 23/46 [gnoll/spear (3)]
  4345 | D:3      | HP: 17/46 [gnoll/spear (3)]
  4356 | D:3      | Gained mutation: You cannot study or use magical devices. [Ru sacrifice]
  4356 | D:3      | Reached * piety under Ru
  4356 | D:3      | Reached ** piety under Ru
  4578 | D:3      | Reached XP level 8. HP: 30/52 MP: 6/14
  5298 | D:4      | Reached skill level 1 in Fighting
  5298 | D:4      | Reached skill level 1 in Polearms
  5728 | D:4      | Reached skill level 8 in Conjurations
  5891 | D:4      | Found a deep blue altar of Sif Muna.
  5909 | D:4      | Found a staircase to the Ecumenical Temple.
  6122 | D:5      | Entered Level 5 of the Dungeon
  6391 | D:5      | Reached skill level 5 in Spellcasting
  6691 | D:5      | Reached XP level 9. HP: 59/62 MP: 8/16
  7050 | D:5      | Found a shadowy altar of Dithmenos.
  7052 | D:5      | Noticed HedoNNN's ghost (novice HOFi)
  7070 | D:5      | Killed HedoNNN's ghost
  7070 | D:5      | Reached skill level 9 in Conjurations
  7846 | D:6      | Found a glowing drain.
  7849 | D:6      | Gained mutation: You are hated by all. [Ru sacrifice]
  7849 | D:6      | Reached *** piety under Ru
  7902 | Sewer    | Entered a sewer
  8001 | Sewer    | Noticed Purgy
  8025 | Sewer    | Killed Purgy
  8344 | D:6      | HP: 31/65 [wight/enchanted halberd (19)]
  8348 | D:6      | HP: 10/65 [wight/enchanted halberd (7)]
  8366 | D:6      | HP: 7/65 [centaur/arrow (6)]
  8380 | D:6      | Found an opulent altar of Gozag.
  8633 | D:6      | HP: 22/65 [orc warrior/stone (13)]
  8635 | D:6      | HP: 7/65 [orc warrior/stone (14)]
  8642 | D:6      | HP: 22/65 [orc/wand of flame (16) (2)]
  8652 | D:6      | HP: 18/65 [hound (4)]
  8661 | D:6      | HP: 17/65 [worker ant zombie (3)]
  8671 | D:6      | HP: 11/65 [orc warrior/stone (8)]
  8674 | D:6      | Hit by a stone thrown by an orc warrior

Skill      XL: |  1  2  3  4  5  6  7  8  9 |
---------------+----------------------------+-----
Conjurations   | 2 3 5 6 7 8 9 |  9.6
Spellcasting   | 4 5 |  5.7
Fighting       | 2 4 |  4.0
Polearms       | 2 4 |  4.2
Dodging        | |  2.6
Stealth        | |  2.0
Summonings     | |  1.0
Translocations | |  1.0

Action                   |  1- 3 |  4- 6 |  7- 9 || total
-------------------------+-------+-------+-------++-------
Melee: Spear             |     7 |    52 |   160 ||   219
       Dagger            |       |    26 |    49 ||    75
       Trident           |       |       |     4 ||     4
 Cast: Magic Dart        |    67 |    70 |   262 ||   399
       Mephitic Cloud    |       |     3 |     9 ||    12
       Conjure Flame     |       |     8 |    11 ||    19
Invok: Renounce Religion |       |     1 |       ||     1
       Sacrifice Artific |       |       |     1 ||     1
       Draw Out Power    |       |       |     2 ||     2
       Sacrifice Love    |       |       |     1 ||     1
  Use: Scroll            |       |       |    16 ||    16
 Stab: Confused          |       |     3 |     3 ||     6
       Invisible         |       |       |     4 ||     4
       Sleeping          |       |       |     4 ||     4
  Eat: Chunk             |     4 |     5 |    11 ||    20
       Ration            |       |       |     2 ||     2
Armor: Robe              |       |     5 |    37 ||    42
Dodge: Dodged            |    10 |    27 |   135 ||   172

Vault maps used:
D:1:      noname_arrival_rooms_in_the_neighbourhood, supply_closet_lemuel
D:2:      marbit_many_paths, lemuel_crystal_altar, elyvilon_altar_5
D:3:      minmay_goblin_kobold_castle, first_ration, uniq_sigmund
D:4:      led_sif_pool, temple_pool_b, enter_ossuary_3
D:5:      grunt_dithmenos_smoke
D:6:      zin_statuary, lemuel_round_altar, portal_sewer_entry_a,
          wad_floor_pattern_1, roderic_filled_cross,
          nicolae_gozag_cash_rules_everything_around_me
Sewer:    kennysheep_door_sewer
